 Dungeon Crawl Stone Soup version 0.28.0 (webtiles) character file.

Game seed: 17885640008516985125

15 zeram the Sneak (level 2, -1/19 HPs)
             Began as an Octopode Brigand on Feb 10, 2022.
             Slain by a jackal (2 damage)
             ... on level 1 of the Dungeon.
             The game lasted 00:00:51 (521 turns).

zeram the Sneak (Octopode Brigand)                   Turns: 521, Time: 00:00:52

Health: -1/19      AC:  1    Str: 10    XL:     2   Next: 50%
Magic:  2/2        EV: 12    Int: 13    God:
Gold:   0          SH:  0    Dex: 13    Spells: 1/1 levels left

rFire   . . .      SeeInvis .   a - +2 dagger
rCold   . . .      Faith    .   (no shield)
rNeg    . . .      Spirit   .   (helmet restricted)
rPois   .          Reflect  .   (no amulet)
rElec   .          Harm     .   (no ring)
rCorr   .          Rampage  .   (no ring)
Will    .....                   (no ring)
Stlth   ++++......              (no ring)
HPRegen 0.06/turn               (no ring)
MPRegen 0.08/turn               (no ring)
                                (no ring)
                                (no ring)

@: no status effects
A: almost no armour, amphibious, 8 rings, camouflage 1, gelatinous body 1,
(nimble swimmer 1), tentacles
a: no special abilities


You were on level 1 of the Dungeon.
You visited 1 branch of the dungeon, and saw 1 of its levels.

Inventory:

Hand Weapons
 a - a +2 dagger (weapon)
Missiles
 b - 8 poisoned darts (quivered)
 c - 2 curare-tipped darts
Scrolls
 d - a scroll of amnesia {unknown}


   Skills:
 - Level 2.0 Fighting
 + Level 2.0 Short Blades
 - Level 2.1 Throwing
 + Level 1.0 Dodging
 + Level 6.2 Stealth


You had one spell level left.
You didn't know any spells.
Your spell library was empty.

Dungeon Overview and Level Annotations

Branches:
Dungeon (1/15)

Altars:

Shops:
D:1 [


Innate Abilities, Weirdness & Mutations

You cannot wear most types of armour.
You are amphibious.
You can wear up to eight rings at the same time.
Your skin changes colour to match your surroundings (Stealth+).
Your rubbery body absorbs attacks. (AC +1, EV +1)
((You are camouflaged when in or above water. (Stealth+)))
You have tentacles for arms and can constrict up to eight enemies at once.


Message History

A bat comes into view.
The hobgoblin closely misses you. The rat bites you.
You hit the jackal.
You squeeze the jackal, but do no damage.
The jackal is severely wounded.
You constrict the jackal, but do no damage.
The jackal misses you. The hobgoblin hits you. The rat barely misses you.
You hit the jackal but do no damage.
The jackal is severely wounded.
You constrict the jackal. The jackal misses you. The jackal closely misses you.
You hit the jackal but do no damage.
The jackal is severely wounded.
You constrict the jackal, but do no damage.
The bat misses you. The hobgoblin barely misses you.
The rat bites you but does no damage. The jackal bites you.
You are too injured to fight recklessly!
Unknown command.
You are too injured to fight recklessly!
You are too injured to fight recklessly!
You are too injured to fight recklessly!
You are too injured to fight recklessly!
Unknown command.
You barely miss the jackal. You squeeze the jackal.
The jackal is almost dead.
You constrict the jackal.
You kill the jackal!
The bat barely misses you. The hobgoblin hits you. The rat bites you.
* * * LOW HITPOINT WARNING * * *
The jackal completely misses you. The bat hits you.
* * * LOW HITPOINT WARNING * * *
The jackal barely misses you.
You barely miss the bat. Your grab misses the bat. The bat hits you.
* * * LOW HITPOINT WARNING * * *
The jackal bites you.
* * * LOW HITPOINT WARNING * * *
The hobgoblin closely misses you.
Unknown command.
The bat closely misses you. The jackal bites you.
You die...

##†...# #..#######
##.#.#.###.........
#..##..............
##.#..##.###.#######
#.###....# #....# #
##.#.###.###.##.# #.
#..# #.....# #
###.##..######.###
##...≈§≈@...###.#
#.....§hbr...##.#
......)g.........
.≈..........≈..##
≈≈..........≈§..
................
....≈≈§≈§§......
...§≈####≈≈.....
(..≈# #§....


You could see a jackal, a hobgoblin, a bat and a rat.

Vanquished Creatures
  2 ball pythons (D:1)
  An endoplasm (D:1)
  A goblin (D:1)
  3 hobgoblins (D:1)
  A jackal (D:1)
  A quokka (D:1)
  A bat (D:1)
  A frilled lizard (D:1)
  2 kobolds (D:1)
  A rat (D:1)
14 creatures vanquished.

Notes
Turn   | Place    | Note
-------+----------+-------------------------------------------
     0 | D:1      | zeram the Octopode Brigand began the quest for the Orb.
     0 | D:1      | Reached XP level 1. HP: 14/14 MP: 1/1
   327 | D:1      | Reached XP level 2. HP: 19/19 MP: 2/2
   401 | D:1      | Reached skill level 6 in Stealth
   464 | D:1      | Found Syrirgh's Antique Armour Boutique.
   521 | D:1      | Slain by a jackal

Illustrated notes

Levels and vault maps discovered:
D:1:      lightli_arrival_boilingwater, layout_loops_ring,
          dreamdust_ecumenical_altar_drowned_temple, serial_shops, shop,
          kennysheep_decorative_pillar

Skill      XL: |  1  2 |
---------------+-------+-----
Stealth        | 6 |  6.2
Fighting       | |  2.0
Short Blades   | |  2.0
Throwing       | |  2.1
Dodging        | |  1.0

Action                   || total
-------------------------++-------
Melee: Dagger            ||    33
       Tentacles         ||     7
       Constrict         ||     5
 Stab: Sleeping          ||     3
Armor: Skin              ||     1
Dodge: Dodged            ||    32
